 Dungeon Crawl Stone Soup version 0.30-a0-965-g42e074c17a (webtiles) character file.

Game seed: 11719920846043308113

101229 Newt the Champion of Chaos (level 15, -3/115 HPs)
             Began as a Demonspawn Gladiator on Mar 31, 2023.
             Was the Champion of Makhleb.
             Blown up by an eye of devastation (4 damage)
             ... with a bolt of energy
             ... on level 2 of the Pits of Slime.
             The game lasted 00:55:46 (26773 turns).

Newt the Champion of Chaos (Demonspawn Gladiator)  Turns: 26773, Time: 00:55:47

Health: -3/115     AC: 23    Str: 17    XL:     15   Next: 82%
Magic:  28/28      EV: 20    Int: 13    God:    Makhleb [******]
Gold:   71         SH:  9    Dex: 21    Spells: 25/32 levels left

rFire   + + .      SeeInvis .    a - +6 shillelagh "Devastator" {shatter}
rCold   . . .      Faith    .    (no shield)
rNeg    . . .      Spirit   .    d - +2 leather armour "Soneumov" {Will+++ Dex+3}
rPois   .          Reflect  +    z - +2 hat
rElec   .          Rampage  .    K - +2 cloak {Will+}
rCorr   +                        F - +2 pair of gloves {Stlth+}
Will    +++++                    O - +0 pair of boots
Stlth   +++                      X - amulet of reflection
HPRegen 0.39/turn                L - ring of fire
MPRegen 0.21/turn                M - ring of resist corrosion

@: studying 2 skills
A: icy blue scales 3, icemail 1, condensation shield, demonic magic 1, horns 1,
agile 1, fire resistance 1
a: Renounce Religion, Minor Destruction, Lesser Servant of Makhleb, Major
Destruction, Greater Servant of Makhleb


You were on level 2 of the Pits of Slime.
You worshipped Makhleb.
Makhleb was exalted by your worship.
You visited 5 branches of the dungeon, and saw 24 of its levels.
You also visited: Bailey.

You collected 2531 gold pieces.
You spent 2460 gold pieces at shops.

Inventory:

Hand Weapons
 a - the +6 shillelagh "Devastator" (weapon) {shatter}
   (You found it on level 6 of the Dungeon)
 b - the +10 mace of Courage {flame, rElec Will+}
   (You bought it in a shop on level 14 of the Dungeon)

   rElec:     It insulates you from electricity.
   Will:      It increases your willpower.
Armour
 d - the +2 leather armour "Soneumov" (worn) {Will+++ Dex+3}
   (You found it on level 14 of the Dungeon)

   Dex:       It affects your dexterity (+3).
   Will:      It greatly increases your willpower.
 s - a +3 scale mail of willpower
 z - a +2 hat (worn)
 E - a +1 leather armour of cold resistance
 F - a +2 pair of gloves of stealth (worn)
 K - a +2 cloak of willpower (worn)
 O - a +0 pair of boots (worn)
 U - the +1 kite shield "Odokk" {rN+}
   (You found it in a bailey)

   rN:        It protects you from negative energy.
 V - a +3 ring mail of fire resistance
Jewellery
 c - a ring of the Octopus King {HP+2 AC+2 EV+2 SH+2 SInv}
   (You bought it in a shop on level 2 of the Orcish Mines)

   [ring of see invisible]

   AC:        It affects your AC (+2).
   EV:        It affects your evasion (+2).
   HP:        It affects your health (+2).
   SInv:      It lets you see invisible.
   SH:        It affects your SH (+2).
 m - a ring of fire
 o - a ring of flight
 J - a ring of positive energy
 L - a ring of fire (left hand)
 M - a ring of resist corrosion (right hand)
 X - an amulet of reflection (around neck)
Wands
 e - a wand of roots (16)
 B - a wand of polymorph (3)
 D - a wand of light (41)
 N - a wand of flame (23)
 Y - a wand of digging (6)
Scrolls
 i - 2 scrolls of teleportation
 l - 2 scrolls of fear
 q - 2 scrolls of enchant armour
 r - a scroll of blinking
 u - 3 scrolls of magic mapping
 v - a scroll of summoning
 w - a scroll of fog
 y - a scroll of silence
 G - 6 scrolls of identify
 H - 4 scrolls of vulnerability
 Z - 2 scrolls of enchant weapon
Potions
 h - 2 potions of magic
 j - 4 potions of lignification
 n - 5 potions of haste
 p - 2 potions of ambrosia
 t - 3 potions of brilliance
 x - 6 potions of curing
 A - 3 potions of attraction
 I - 5 potions of might
 P - a potion of flight
 Q - 3 potions of resistance
 R - a potion of cancellation
Miscellaneous
 f - a phantom mirror (inert)
 g - a tin of tremorstones (2/2)
 k - a condenser vane


   Skills:
 - Level 10.0 Fighting
 - Level 5.1 Short Blades
 - Level 10.4 Maces & Flails
 - Level 1.7 Throwing
 - Level 6.0 Armour
 - Level 12.0 Dodging
 - Level 1.5 Stealth
 - Level 9.0 Spellcasting
 + Level 11.8 Conjurations
 - Level 7.1 Hexes
 - Level 6.0 Summonings
 - Level 6.5 Fire Magic
 - Level 13.6 Invocations


You had 25 spell levels left.
You knew the following spells:

 Your Spells              Type           Power      Damage    Failure   Level
a - Summon Small Mammal   Summ           84%        N/A       1%          1
b - Inner Flame           Hex/Fire       35%        N/A       2%          3
c - Dazzling Flash        Conj/Hex       60%        N/A       1%          3

Your spell library contained the following spells:

 Spells                   Type           Power      Damage    Failure   Level
 Call Canine Familiar     Summ           21%        N/A       3%          3
 Summon Guardian Golem    Hex/Summ       22%        N/A       3%          3
 Cause Fear               Hex            12%        N/A       8%          4
 Mephitic Cloud           Conj/Pois/Air  16%        N/A       9%          3
 Iskenderun's Mystic Bla  Conj/Tloc      21%        2d6       13%         4
 Apportation              Tloc           10%        N/A       14%         1
 Necrotise                Necr           20%        1d5       14%         1
 Cigotuvi's Dreadful Rot  Necr/Pois/Air  10%        N/A       22%         2
 Poisonous Vapours        Pois/Air       10%        N/A       22%         2
 Summon Mana Viper        Hex/Summ       22%        N/A       28%         5
 Summon Ice Beast         Ice/Summ       13%        N/A       38%         4
 Frozen Ramparts          Ice            10%        1d2       41%         3
 Starburst                Conj/Fire      22%        6d7       45%         6
 Freezing Cloud           Conj/Ice/Air   8%         6-21      63%         5
 Summon Forest            Summ/Tloc      6%         N/A       75%         5
 Dispel Undead            Necr           5%         3d7       82%         4
 Ice Form                 Ice/Tmut       5%         N/A       82%         4
 Summon Cactus Giant      Summ           10%        N/A       88%         6
 Death Channel            Necr           2%         N/A       100%        6
 Simulacrum               Ice/Necr       2%         N/A       100%        6
 Discord                  Hex            12%        N/A       100%        8
 Polar Vortex             Ice            2%         N/A       100%        9


Dungeon Overview and Level Annotations

Branches:
Dungeon (14/15)            Temple (1/1) D:5            Lair (5/5) D:11
  Swamp (0/4) Lair:2       Spider (0/4) Lair:3        Slime (2/5) Lair:4
    Orc (2/2) D:12            Elf (0/3) Orc:2        Bailey (visited)
 Vaults: D:13-14

Altars:
Ashenzari
Cheibriados
Dithmenos
Fedhas
Gozag
Hepliaklqana
Kikubaaqudgha
Makhleb
Nemelex Xobeh
Okawaru
Qazlal
Ru
Sif Muna
Trog
Uskayaw
Vehumet
Wu Jian
Xom
Yredelemnul
Jiyva

Shops:
D:3 (   D:6 [   D:9 :   D:14 :[((   Orc:2 =!?!=

Annotations:
D:12 Epaggetor's ghost, journeyman HOFi
D:14 3 runed translucent doors, mistaj's ghost, journeyman VSFi; petzl's ghost, weakling FoDe


Innate Abilities, Weirdness & Mutations

You are completely covered in icy blue scales. (AC +4, rC+)
A meltable icy envelope protects you from harm. (AC +4)
A meltable shield of frost defends you. (SH +4)
Spells you cast may paralyse adjacent enemies.
You have a pair of small horns on your head.
You are agile. (Dex +4, Str/Int -1)
Your flesh is heat resistant. (rF+)


Message History

You climb downwards.
The eye of devastation gazes at you. The bolt of energy hits you!!
* * * LOW HITPOINT WARNING * * *
There is a stone staircase leading up, spattered with blood here.
Okay, then.
Aiming: Inner Flame (mildly dangerous; 2% risk of failure)
Press: ? - help, Q - select action, (/) - cycle Dir - move target, f - eye of devastation
Aim: an eye of devastation (chance to affect: 25%)
Okay, then.
Okay, then.
Unknown command.
Aiming: Phantom Mirror
Press: ? - help, Dir - move target, f - eye of devastation
Aim: an eye of devastation You reflect the eye of devastation with the mirror!
The mirror clouds!
The slime creature misses you. You block the slime creature's attack.
The slime creature hits you but does no damage.
Aiming: Major Destruction (0% risk of failure)
Press: ? - help, Shift-Dir - straight line, f - eye of devastation, p - eye of devastation
Aim: an eye of devastation The bolt of acid hits the eye of devastation!!
The acid corrodes the eye of devastation!
The eye of devastation is heavily wounded.
The slime creature completely misses you.
You block the slime creature's attack.
The slime creature hits you but does no damage.
Unknown command.
Aiming: Major Destruction (0% risk of failure)
Press: ? - help, Shift-Dir - straight line, f/p - eye of devastation
Aim: an eye of devastation (heavily wounded, covered in acid)
The bolt of acid hits the eye of devastation!!
The eye of devastation is almost dead.
You block the slime creature's attack. The slime creature hits you.
* * * LOW HITPOINT WARNING * * *
The slime creature barely misses you. The eye of devastation gazes at you.
The bolt of energy hits you.
You die...

### ## ##.##
##.##...##
##...##...##
#.....#..J.##
......G..@..#
....G....JJ#.....
.......<.##......
...<.#...# ......
.....G..#.....##
................
.................
...........#....#
.......#....#...


You could see 3 slime creatures, 2 eyes of devastation and a friendly eye of
devastation (summoned, drained).

Vanquished Creatures
  A rockslime (Slime:1)
  An azure jelly (Lair:4)
  A quicksilver ooze (Lair:4)
  Azrael (Orc:2)
  The ghost of Sifi the Protected, a journeyman AtFi of Hepliaklqana (D:13)
  The ghost of Cetwoggev the Blocker, a journeyman FoFi of Okawaru (D:13)
  The ghost of HilariousDeathArtist the Grappler, a journeyman TrBe of Trog (D:10)
  The ghost of Alirusan the Cleaver, a journeyman MiBe of Trog (D:12)
  4 vault guards (D:14)
  The ghost of Esumpaoxuos the Markself, a journeyman DEHu of Fedhas (D:12)
  8 hydras
  2 catoblepae (Lair:5)
  2 centaur warriors
  7 boulder beetles
  An ogre mage (Orc:2)
  15 death yaks
  2 tengu warriors
  8 two-headed ogres
  Urug (Lair:5)
  An orc high priest (Orc:2)
  A skyshark (Lair:3)
  8 orc knights
  3 orc sorcerers
  14 ugly things
  2 deep elf pyromancers
  4 cyclopes
  2 manticores (Lair:5)
  6 elephants
  4 black mambas
  3 torpor snails
  10 cane toads
  2 unseen horrors
  2 gargoyles
  Maggie (Lair:1)
  2 rime drakes
  A tengu conjurer (D:9)
  An efreet (D:14)
  5 kobold demonologists
  6 komodo dragons
  A troll (shapeshifter) (D:14)
  6 trolls
  3 polar bears
  6 saltlings (Orc:2)
  Grinder (D:4)
  2 tyrant leeches (Lair:2)
  A wolf spider simulacrum (D:12)
  15 blink frogs
  A jumping spider (shapeshifter) (D:14)
  9 dream sheep
  A shadow (D:9)
  15 slime creatures
  Sigmund (D:4)
  A culicivora (Lair:3)
  A vampire (Bailey)
  3 wraiths
  3 fire elementals
  54 yaks
  Eustachio (D:5)
  2 golden eyes
  An unseen horror simulacrum (D:10)
  6 basilisks
  4 wyverns
  2 redbacks (Lair:3)
  3 steam dragons
  A vampire mosquito (D:14)
  2 wargs
  A swamp worm (Lair:2)
  A naga (shapeshifter) (D:14)
  3 hell hounds
  13 water moccasins
  10 ice beasts
  20 orc warriors
  2 sky beasts
  6 black bears
  7 ogres
  19 wolves
  9 centaurs
  3 phantoms
  5 kobold brigands
  20 bullfrogs
  A gnoll sergeant (D:12)
  20 wights
  8 killer bees
  6 wolf zombies (Bailey)
  2 electric eels (D:6)
  12 howler monkeys
  8 vampire bats (Bailey)
  2 hounds (D:5)
  2 jellies
  16 orc priests
  A sleepcap (D:6)
  Crazy Yiuf (D:6)
  Ijyb (D:5)
  4 iguanas
  18 orc wizards
  8 gnolls
  10 adders
  A shadow imp (D:5)
  6 white imps
  An ufetubus (D:5)
  A dart slug (D:2)
  72 orcs
  7 bats
  8 endoplasms
  3 goblins
  10 hobgoblins
  2 jackals (D:1)
  2 quokkas
  6 ball pythons
  2 frilled lizards
  13 kobolds
  21 orc zombies (Bailey)
  8 rats
  A pillar of salt (Orc:2)
686 creatures vanquished.

Vanquished Creatures (collateral kills)
  A two-headed ogre (D:8)
  2 slime creatures (Slime:1)
  A golden eye (Slime:1)
4 creatures vanquished.

Vanquished Creatures (others)
  The ghost of Gyomer the Nimble, a journeyman DjFE of Makhleb (Lair:2)
  33 fungi
  37 plants
71 creatures vanquished.

Grand Total: 761 creatures vanquished

Notes
Turn   | Place    | Note
-------+----------+-------------------------------------------
     0 | D:1      | Newt the Demonspawn Gladiator began the quest for the Orb.
     0 | D:1      | Reached XP level 1. HP: 16/16 MP: 1/1
   116 | D:1      | Reached skill level 1 in Stealth
   214 | D:1      | Gained mutation: Spells you cast may paralyse adjacent
                  | enemies. [demonic ancestry]
   214 | D:1      | Reached XP level 2. HP: 22/22 MP: 2/2
   653 | D:2      | Reached XP level 3. HP: 11/29 MP: 3/3
  1559 | D:3      | Found Citavol's Weapon Boutique.
  1603 | D:3      | Found an opulent altar of Gozag.
  1608 | D:3      | Found a sparkling altar of Nemelex Xobeh.
  1608 | D:3      | Found an ancient bone altar of Kikubaaqudgha.
  2887 | D:4      | Noticed Grinder
  2891 | D:4      | Reached XP level 4. HP: 32/37 MP: 4/4
  2899 | D:4      | Noticed Sigmund
  2926 | D:5      | Entered Level 5 of the Dungeon
  2974 | D:5      | Learned a level 1 spell: Summon Small Mammal
  2978 | D:5      | Noticed Eustachio
  3098 | D:4      | Noticed a phantom
  3108 | D:4      | Reached skill level 1 in Summonings
  3129 | D:4      | Killed a phantom
  3130 | D:4      | Reached XP level 5. HP: 12/42 MP: 0/5
  3358 | D:4      | Gained mutation: You are agile. (Dex +4, Str/Int -1)
                  | [potion of mutation]
  3358 | D:4      | Gained mutation: You have a pair of small horns on your
                  | head. [potion of mutation]
  3358 | D:4      | Gained mutation: Your flesh is heat resistant. (rF+)
                  | [potion of mutation]
  3423 | D:4      | Reached skill level 1 in Spellcasting
  3457 | D:4      | Killed Sigmund
  3458 | D:4      | Reached XP level 6. HP: 45/48 MP: 5/10
  3547 | D:4      | Found a snail-covered altar of Cheibriados.
  3548 | D:4      | Found a bloodstained altar of Trog.
  4083 | D:4      | Killed Grinder
  4084 | D:4      | Reached XP level 7. HP: 51/54 MP: 10/13
  4137 | D:5      | Reached skill level 5 in Short Blades
  4571 | D:5      | Killed Eustachio
  4574 | D:5      | Gained mutation: A meltable shield of frost defends you.
                  | (SH +4) [demonic ancestry]
  4574 | D:5      | Reached XP level 8. HP: 43/60 MP: 9/14
  4889 | D:4      | Reached skill level 5 in Dodging
  5014 | D:5      | Reached skill level 5 in Fighting
  5167 | D:5      | Found a staircase to the Ecumenical Temple.
  5178 | D:5      | Found a blossoming altar of Fedhas.
  5716 | Temple   | Entered the Ecumenical Temple
  5756 | Temple   | Became a worshipper of Makhleb the Destroyer
  5790 | D:5      | Noticed Ijyb
  5791 | D:5      | Found an ornate altar of the Wu Jian Council.
  5798 | D:5      | Killed Ijyb
  5803 | D:5      | Reached skill level 5 in Spellcasting
  5966 | D:5      | Gained mutation: You are partially covered in icy blue
                  | scales. (AC +2) [demonic ancestry]
  5966 | D:5      | Reached XP level 9. HP: 38/69 MP: 15/18
  6511 | D:6      | Found Letial's Antique Armour Shop.
  6514 | D:6      | Bought a pair of embroidered gloves for 127 gold pieces
  6514 | D:6      | Bought an encrusted leather armour for 119 gold pieces
  6514 | D:6      | Identified the +0 leather armour "Nouhoeng" {MP+9} (You
                  | bought it in a shop on level 6 of the Dungeon)
  6806 | D:6      | Reached * piety under Makhleb
  7145 | D:6      | Reached skill level 5 in Summonings
  8020 | D:6      | Found a runed translucent door.
  8021 | D:6      | Noticed Crazy Yiuf
  8021 | D:6      | Found the +6 shillelagh "Devastator" {shatter}
  8030 | D:6      | Killed Crazy Yiuf
  8228 | D:7      | Found an iron altar of Okawaru.
  8239 | D:7      | Found a shadowy altar of Dithmenos.
  8303 | D:7      | Reached skill level 1 in Maces & Flails
  8413 | D:7      | Reached ** piety under Makhleb
  8784 | D:8      | Found a shimmering altar of Xom.
  8807 | D:8      | Reached skill level 5 in Maces & Flails
  8811 | D:8      | Gained mutation: You are mostly covered in icy blue scales.
                  | (AC +3) [demonic ancestry]
  8811 | D:8      | Reached XP level 10. HP: 76/76 MP: 19/19
  9311 | D:8      | Noticed a two-headed ogre
  9320 | D:8      | Killed a two-headed ogre
  9954 | D:9      | Noticed a tengu warrior
  9969 | D:9      | Killed a tengu warrior
  9983 | D:9      | Reached *** piety under Makhleb
 10014 | D:9      | Found a flagged portal.
 10033 | Bailey   | Entered a bailey
 10481 | Bailey   | Reached skill level 10 in Maces & Flails
 10523 | Bailey   | Reached **** piety under Makhleb
 10569 | Bailey   | Noticed a gargoyle
 10584 | Bailey   | Killed a gargoyle
 10762 | Bailey   | Reached XP level 11. HP: 58/81 MP: 20/20
 10762 | Bailey   | Identified the +3 scale mail of Muis {Str+2}
 10773 | Bailey   | Identified the +1 kite shield "Odokk" {rN+}
 11031 | D:9      | Learned a level 3 spell: Inner Flame
 11205 | D:9      | Reached skill level 1 in Hexes
 11207 | D:9      | Reached skill level 1 in Fire Magic
 11259 | D:9      | Noticed a centaur warrior
 11379 | D:9      | Found Nossiegg's Book Boutique.
 11635 | D:10     | Entered Level 10 of the Dungeon
 11805 | D:10     | Reached ***** piety under Makhleb
 11901 | D:10     | Noticed a two-headed ogre
 11909 | D:10     | Killed a two-headed ogre
 12040 | D:10     | Noticed HilariousDeathArtist's ghost (journeyman TrBe)
 12051 | D:10     | Found a runed translucent gate.
 12051 | D:10     | Found a runed translucent gate.
 12051 | D:10     | Found a runed translucent gate.
 12263 | D:10     | Killed HilariousDeathArtist's ghost
 12264 | D:10     | Reached skill level 5 in Hexes
 12374 | D:11     | Reached skill level 5 in Fire Magic
 12600 | D:11     | Found a staircase to the Lair.
 12736 | D:11     | Noticed a boulder beetle
 13042 | D:11     | Killed a boulder beetle
 13043 | D:11     | Gained mutation: You are completely covered in icy blue
                  | scales. (AC +4, rC+) [demonic ancestry]
 13043 | D:11     | Reached XP level 12. HP: 77/88 MP: 16/21
 13679 | D:11     | Found a shimmering altar of Xom.
 13679 | D:11     | Found a shimmering altar of Xom.
 13679 | D:11     | Found a shimmering altar of Xom.
 13936 | D:12     | Noticed a two-headed ogre
 13946 | D:12     | Killed a two-headed ogre
 13950 | D:12     | Noticed a two-headed ogre
 13959 | D:12     | Killed a two-headed ogre
 14187 | D:12     | Found a runed translucent gate.
 14187 | D:12     | Found a runed translucent gate.
 14187 | D:12     | Found a runed translucent gate.
 14189 | D:12     | Noticed Sifi's ghost (journeyman AtFi)
 14189 | D:12     | Noticed Alirusan's ghost (journeyman MiBe)
 14191 | D:12     | Noticed Epaggetor's ghost (journeyman HOFi)
 14191 | D:12     | Noticed Esumpaoxuos's ghost (journeyman DEHu)
 14191 | D:12     | Noticed Cetwoggev's ghost (journeyman FoFi)
 14220 | D:12     | Reached skill level 10 in Dodging
 14331 | D:12     | Noticed a boulder beetle
 14340 | D:12     | Killed a boulder beetle
 14366 | D:12     | Noticed a boulder beetle
 14433 | D:12     | Killed a boulder beetle
 14760 | D:12     | Found a staircase to the Orcish Mines.
 14808 | D:12     | Reached ****** piety under Makhleb
 15239 | Lair:1   | Entered Level 1 of the Lair of Beasts
 15378 | Lair:1   | Noticed Maggie
 15386 | Lair:1   | Killed Maggie
 15598 | Lair:1   | Gained mutation: A meltable icy envelope protects you from
                  | harm. (AC +4) [demonic ancestry]
 15598 | Lair:1   | Reached XP level 13. HP: 93/93 MP: 18/25
 16642 | Lair:2   | Found a runed translucent gate.
 16643 | Lair:2   | Found a runed translucent gate.
 16649 | Lair:2   | Found a runed translucent gate.
 16656 | Lair:2   | Noticed Gyomer's ghost (journeyman DjFE)
 16703 | Lair:2   | Killed Gyomer's ghost
 17394 | Lair:2   | Reached skill level 10 in Fighting
 17394 | Lair:2   | Reached skill level 1 in Armour
 17713 | Lair:2   | Found a staircase to the Swamp.
 18179 | Lair:3   | Found a hole to the Spider Nest.
 18708 | Lair:4   | Found a viscous altar of Jiyva.
 18708 | Lair:4   | Found a staircase to the Slime Pits.
 18735 | Lair:4   | Reached skill level 5 in Armour
 18880 | Lair:4   | Reached skill level 3 in Invocations
 18880 | Lair:4   | Reached XP level 14. HP: 99/110 MP: 19/27
 18972 | Lair:4   | Reached skill level 4 in Invocations
 19070 | Lair:4   | You fall into a shaft and drop 1 floor!
 19070 | Lair:5   | Entered Level 5 of the Lair of Beasts
 19083 | Lair:5   | Reached skill level 5 in Invocations
 19168 | Lair:5   | Reached skill level 6 in Invocations
 19194 | Lair:5   | Reached skill level 7 in Invocations
 19249 | Lair:5   | Reached skill level 8 in Invocations
 19271 | Lair:5   | Reached skill level 9 in Invocations
 19532 | Lair:5   | Reached skill level 10 in Invocations
 19679 | Lair:5   | Noticed Urug
 19684 | Lair:5   | Reached skill level 11 in Invocations
 19699 | Lair:5   | Killed Urug
 19705 | Lair:5   | Reached skill level 12 in Invocations
 19712 | Lair:5   | Reached skill level 13 in Invocations
 20869 | Orc:1    | Entered Level 1 of the Orcish Mines
 21128 | Orc:1    | Reached skill level 1 in Conjurations
 21308 | Orc:2    | Entered Level 2 of the Orcish Mines
 21308 | Orc:2    | Found a burning altar of Makhleb.
 21309 | Orc:2    | Noticed Azrael
 21350 | Orc:2    | Killed Azrael
 21639 | Orc:2    | Found Cobuvar's Jewellery Shoppe.
 21849 | Orc:2    | Reached XP level 15. HP: 103/115 MP: 24/28
 21991 | Orc:2    | Found a staircase to the Elven Halls.
 22169 | Orc:2    | Reached skill level 5 in Conjurations
 22262 | Orc:2    | Learned a level 3 spell: Dazzling Flash
 22273 | Orc:2    | Found Onaucura's Distillery.
 22279 | Orc:2    | Bought a potion of heal wounds for 75 gold pieces
 22279 | Orc:2    | Bought 2 potions of heal wounds for 150 gold pieces
 22279 | Orc:2    | Bought a potion of heal wounds for 75 gold pieces
 22297 | Orc:2    | Found Peasuelo's Distillery.
 22302 | Orc:2    | Found Huotahi's Magic Scroll Boutique.
 22369 | Orc:2    | Bought a scroll of identify for 28 gold pieces
 22369 | Orc:2    | Bought a scroll of identify for 28 gold pieces
 22373 | Orc:2    | Bought a potion of haste for 140 gold pieces
 22593 | Orc:2    | Found Laev's Jewellery Shop.
 22823 | Orc:2    | Bought a ring of the Octopus King {HP+2 AC+2 EV+2 SH+2
                  | SInv} for 822 gold pieces
 22823 | Orc:2    | Found the ring of the Octopus King {HP+2 AC+2 EV+2 SH+2
                  | SInv}
 23222 | Slime:1  | Entered Level 1 of the Pits of Slime
 23222 | Slime:1  | Noticed an azure jelly
 23248 | Lair:4   | Killed an azure jelly
 23474 | Slime:1  | Noticed a rockslime
 23492 | Slime:1  | HP: 4/115 [rockslime (35)]
 23500 | Slime:1  | Killed a rockslime
 24694 | D:12     | Killed Esumpaoxuos's ghost
 24818 | D:12     | Killed Alirusan's ghost
 25235 | D:13     | Killed Cetwoggev's ghost
 25481 | D:13     | Killed Sifi's ghost
 25769 | D:14     | Found Mehoc's Book Emporium.
 25769 | D:14     | Found a runed translucent gate.
 25769 | D:14     | Found a runed translucent gate.
 25769 | D:14     | Found a runed translucent gate.
 25774 | D:14     | Found Ketoife's Armour Shoppe.
 25778 | D:14     | Found Cirud's Antique Weapon Shop.
 25799 | D:14     | Bought a +3 scale mail of willpower for 338 gold pieces
 25826 | D:14     | Bought a warped mace for 216 gold pieces
 25826 | D:14     | Identified the +10 mace of Courage {flame, rElec Will+}
                  | (You bought it in a shop on level 14 of the Dungeon)
 25854 | D:14     | Noticed mistaj's ghost (journeyman VSFi)
 25854 | D:14     | Noticed petzl's ghost (weakling FoDe)
 25955 | D:14     | Reached skill level 10 in Conjurations
 26006 | D:14     | Found Lapu's Antique Weapon Shoppe.
 26310 | D:14     | Bought a slimy morningstar for 342 gold pieces
 26310 | D:14     | Identified the +5 morningstar of the Median {flame, rC+
                  | MP+9} (You bought it in a shop on level 14 of the Dungeon)
 26335 | D:14     | Identified the +2 leather armour "Soneumov" {Will+++ Dex+3}
 26553 | Slime:2  | Noticed a rockslime
 26742 | Slime:1  | Noticed an acid blob
 26773 | Slime:2  | HP: 1/115 [slime creature (1)]
 26773 | Slime:2  | Blown up by an eye of devastation

Illustrated notes

Levels and vault maps discovered:
D:1:      ncdulo_lavacross, layout_rooms
D:2:      layout_basic, minivault_25
D:3:      layout_basic, grunt_temple_overflow_open, serial_shops,
          nicolae_shop_bloodbath_and_beyond, minmay_misc_feat_tower,
          hangedman_decor_points
D:4:      layout_loops_corners, mainiacjoe_overflow_divided_tiny, uniq_sigmund,
          uniq_grinder
D:5:      layout_basic, fedhas_altar_2, nicolae_wu_jian_wuxing_cycle,
          minmay_temple_entry_grid, kennysheep_opposing_triangles,
          uniq_eustachio, uniq_ijyb
D:6:      cheibrodos_helix_gallery, layout_loops_corners,
          nicolae_elyvilon_temple_path, serial_shops,
          nicolae_shop_window_shopping, uniq_crazy_yiuf_cottage
D:7:      layout_basic, mainiacjoe_overflow_large_starburst, serial_bayou_pond_e
D:8:      minmay_angry_zag, layout_loops_ring, mainiacjoe_overflow_catwalk
D:9:      layout_cave_pods, serial_shops, nicolae_shop_window_shopping,
          enter_bailey_7, lightli_corner_chamber
D:10:     layout_roguey, gammafunk_ghost_icy
D:11:     layout_basic, hellmonk_lair_entry_icy, xom_redecorated
D:12:     layout_small_grid, david_orc_4, gammafunk_ghost_cemetery
D:13:     layout_basic
D:14:     minmay_inner_zag, layout_rooms, lightli_vaults_fourway_checkpoint,
          gammafunk_ghost_cemetery, serial_shops, shop,
          nicolae_shop_behind_doors, nicolae_shop_trees, nicolae_shop_crystal,
          nicolae_shop_advertising_works [nicolae_subvault_shop_adworks],
          nicolae_gozag_seed_capital
Temple:   hellmonk_temple_of_storms
Lair:1:   layout_loops_ring, beast_lair_carwin_5, uniq_maggie
Lair:2:   layout_regular_city, minmay_swamp_entry_worms, gammafunk_ghost_split,
          minmay_shattered_shrine
Lair:3:   layout_roguey, spider_nest_entry_funnel_web, basic_altar
Lair:4:   layout_roguey, slime_entry_1, dreamdust_mushroom_princess
Lair:5:   hangedman_lair_in_review, layout_regular_city, uniq_urug
Slime:1:  layout_caves, amcnicky_altar_lugonu_corruption
Slime:2:  layout_caves
Orc:1:    layout_diamond_mine
Orc:2:    hellmonk_orc_salted, layout_caves, serial_shops,
          nicolae_shop_waterfront, basic_altar, mines2_david, uniq_azrael

Skill      XL: |  1  2  3  4  5  6  7  8  9 10 11 12 13 14 15 |
---------------+----------------------------------------------+-----
Stealth        | 1 |  1.5
Fighting       | 3 4 6 10 | 10.0
Summonings     | 2 3 6 |  6.0
Spellcasting   | 3 4 6 8 9 |  9.0
Short Blades   | 4 5 |  5.1
Dodging        | 4 5 12 | 12.0
Maces & Flails | 6 10 | 10.4
Hexes          | 7 |  7.1
Fire Magic     | 6 |  6.5
Armour         | 6 |  6.0
Invocations    | 3 13 | 13.6
Conjurations   | 4 11 | 11.8
Throwing       | |  1.7

Action                     |  1- 3 |  4- 6 |  7- 9 | 10-12 | 13-15 || total
---------------------------+-------+-------+-------+-------+-------++-------
  Melee: Rapier            |    91 |       |       |       |       ||    91
         Dagger            |    53 |    82 |   189 |       |       ||   324
         Punch             |       |     2 |       |     6 |     7 ||    15
         Headbutt          |       |     3 |    50 |   104 |   214 ||   371
         Shillelagh        |       |       |    33 |   451 |   733 ||  1217
         Mace              |       |       |       |       |    22 ||    22
  Throw: Javelin           |       |       |     1 |       |       ||     1
         Throwing net      |       |       |     1 |     3 |       ||     4
   Cast: Summon Small Mamm |       |     5 |    62 |     8 |    19 ||    94
         Inner Flame       |       |       |       |    35 |   134 ||   169
         Dazzling Flash    |       |       |       |       |     3 ||     3
 Invoke: Major Destruction |       |       |       |       |     9 ||     9
         Greater Servant o |       |       |       |       |     3 ||     3
  Evoke: Wand              |       |       |       |     1 |       ||     1
         Phantom mirror    |       |       |       |       |     1 ||     1
    Use: Scroll            |       |     8 |     3 |    13 |     9 ||    33
         Potion            |       |     1 |       |     2 |    17 ||    20
   Stab: Sleeping          |     4 |     2 |     6 |     7 |     3 ||    22
         Paralysed         |       |     7 |    27 |    22 |    47 ||   103
         Distracted        |       |       |     2 |     1 |     1 ||     4
         Held in net/web   |       |       |       |     4 |       ||     4
         Invisible         |       |       |       |     1 |     2 ||     3
         Petrified         |       |       |       |       |     3 ||     3
 Armour: Leather armour    |    35 |    15 |    23 |    59 |    11 ||   143
         Ring mail         |       |       |       |   112 |   284 ||   396
         Scale mail        |       |       |       |       |    69 ||    69
  Dodge: Dodged            |    88 |    37 |   111 |   276 |   507 ||  1019
  Block: Other             |       |       |    33 |    43 |   271 ||   347
         Reflection        |       |       |       |       |    16 ||    16

Table legend: (Time is in decaauts)
 A = Elapsed time spent in this place.
 B = Non-inter-level travel time spent in this place.
 C = Inter-level travel time spent in this place.
 D = Time resting spent in this place.
 E = Time spent auto-exploring this place.
 F = Levels seen in this place.
 G = Mean time per level.
                   A        B        C        D        E       F      G
               +--------+--------+--------+--------+--------+-----+--------+
         Total |  26503 |  25273 |   1230 |   7431 |  13597 |  25 | 1060.1 |
       Dungeon |  16994 |  16217 |    777 |   4783 |   8766 |  14 | 1213.9 |
        Temple |     51 |     36 |     15 |      0 |     26 |   1 |   51.0 |
          Lair |   6174 |   5903 |    271 |   1382 |   3586 |   5 | 1234.8 |
    Slime Pits |    291 |    289 |      2 |    180 |      0 |   2 |  145.5 |
  Orcish Mines |   2080 |   1917 |    163 |    595 |    966 |   2 | 1040.0 |
        Bailey |    909 |    909 |      0 |    491 |    253 |   1 |  909.0 |
               +--------+--------+--------+--------+--------+-----+--------+

Top non-repeatable levels by time:
    D:12: 2193 daAuts
     D:4: 1968 daAuts
     D:6: 1633 daAuts
    D:11: 1602 daAuts
  Lair:2: 1586 daAuts
   Orc:2: 1567 daAuts
     D:5: 1565 daAuts
  Lair:5: 1343 daAuts
     D:3: 1296 daAuts
  Lair:4: 1236 daAuts
     D:8: 1127 daAuts
  Lair:1: 1116 daAuts
    D:13: 1004 daAuts
     D:2: 973 daAuts
    D:10: 971 daAuts
